[Event "Reykjavik Open 2024"]
[Site "Reykjavik"]
[Date "2024.03.18"]
[Round "6.45"]
[White "Prraneeth Vuppala"]
[Black "Kazarian, Anna-Maja"]
[Result "1-0"]
[ECO "C02"]
[WhiteElo "2506"]
[BlackElo "2206"]
[Annotator "TA"]
[PlyCount "89"]
[EventDate "2024.03.12"]
[EventCountry "ISL"]
[SourceTitle "playchess.com"]
[Source "ChessBase"]
[SourceQuality "1"]
[TimeControl "40/5400+30:1800+30"]

1. e4 e6 2. d4 d5 3. e5 c5 4. c3 Qb6 5. Nf3 Bd7 6. Be2 Bb5 7. Bxb5+ Qxb5 8. Na3 Qa6 9. dxc5 Bxc5 {[%emt 0:00:54] White is slightly better.} 10. b4 $1 Bb6 {[%emt 0:01:49] [#]} 11. c4 $1 {[%emt 0:03:07] Nb5 would now be deadly.} Ne7 12. O-O O-O 13. c5 {[%emt 0:01:35][%cal Ob4b5] b5! is the strong threat.} Bd8 {[%emt 0:01:08] Black is weak on the dark squares} (13... Bc7 $11 {should be considered.}) 14. Qb3 (14. Nd4 $1 $14) 14... b5 (14... Qc6 $11) 15. Nd4 Nbc6 16. Naxb5 Qb7 (16... Nxe5 $142 17. Nd6 Qd3) 17. Ba3 (17. Bb2 $16) 17... Nxe5 (17... Qb8 $1 $14) 18. Nd6 $36 {[%emt 0:00:08][%mdl 2048] White is really pushing.} Qc7 19. b5 (19. Bb2 $142 {Hoping for N4b5.} Nd7 20. Rac1) 19... Nc8 20. Rac1 {[%emt 0:12:15] White has more active pieces.} Nxd6 21. cxd6 Qd7 22. Nc6 Nc4 23. Rxc4 $1 dxc4 24. Qxc4 Bf6 {[%emt 0:01:22] Wards off Ne5} 25. Bb4 {[%emt 0:00:11][%mdl 1024] White has strong compensation.} Rfc8 26. Rc1 $1 h6 27. a4 a6 28. g3 $2 ({Weaker is} 28. bxa6 Kh8 $11) (28. b6 $1 $18) 28... axb5 $11 29. axb5 Kh7 30. Kg2 Qb7 (30... Kh8 $11) 31. Qd3+ g6 {[%emt 0:00:49] [#]} ({Better is} 31... Kg8 $14) 32. d7 ({White should play} 32. h4 $1 $18) 32... Rc7 $1 33. Rd1 Rxc6 $1 34. bxc6 Qxc6+ 35. Kg1 Kg7 (35... Rb8 $1 $11) 36. h4 $16 h5 37. Bd2 Qd5 38. Qxd5 (38. Bh6+ $16 Kh7 39. Qxd5 exd5 40. Bf4) 38... exd5 {[%emt 0:00:02][%mdl 4096] Endgame. KRB-KRB} 39. Be3 $1 d4 40. Rxd4 (40. Bxd4 Bxd4 41. Rxd4 Rd8 $11) 40... Kf8 $2 {[%emt 0:01:01] Loses the game.} ({But not} 40... Bxd4 $2 41. Bxd4+ f6 42. Bb6 $18) (40... Bd8 $14) 41. Rd6 Be7 {[%emt 0:01:12] [#]} (41... Bd8 42. Bc5 Kg7) 42. Bc5 $1 $18 {[%emt 0:01:49] White is clearly winning.} Rd8 43. Bb6 $1 Bxd6 44. Bxd8 {[%emt 0:00:06] Intending Ba5 and mate.} Be7 45. Bc7 {[%emt 0:00:12] Weighted Error Value: White=0.28 (precise) /Black=0.36.  Loses game:     	---       	Black=1      Missed win:     	White=1     	---        Mistake:       	White=5     	Black=8      Inaccurate:     	White=5     	Black=3      OK:         	White=9     	Black=4      Best:        	White=2     	Black=2      Strong:       	White=5     	Black=2} 1-0

[Event "Reykjavik Open 2024"]
[Site "Reykjavik"]
[Date "2024.03.19"]
[Round "7.1"]
[White "Maze, Sebastien"]
[Black "Deac, Bogdan-Daniel"]
[Result "1/2-1/2"]
[ECO "B22"]
[WhiteElo "2551"]
[BlackElo "2690"]
[Annotator "TA"]
[PlyCount "95"]
[EventDate "2024.03.12"]
[EventCountry "ISL"]
[SourceTitle "playchess.com"]
[Source "ChessBase"]
[SourceQuality "1"]
[TimeControl "40/5400+30:1800+30"]

1. e4 c5 2. Nf3 e6 3. c3 d5 4. exd5 exd5 5. d4 Nc6 6. Be2 Bd6 7. dxc5 Bxc5 8. O-O Nge7 9. Nbd2 O-O 10. Nb3 Bb6 11. Re1 Qd6 12. Bd3 h6 {[%emt 0:03:15] White is slightly better.} 13. Be3 Bxe3 14. Rxe3 Bg4 15. Qd2 Bxf3 16. Rxf3 Rad8 17. Rd1 Ne5 18. Rg3 f5 19. Nd4 f4 20. Rh3 N7c6 21. Bb1 Nxd4 22. Qxd4 Qe6 $1 23. Qxa7 Nc4 {[%emt 0:02:01] [#] Hoping for ...Rde8.} 24. Qd4 (24. Qxb7 $2 {too greedy.} Rfe8 25. Rf1 Nd2 $19) 24... Nxb2 25. Rf1 Rf6 26. Rh5 Nc4 {[%emt 0:02:29] Repels Re5} (26... Qf7 $11 {should be considered.} 27. Re5 Nc4) 27. Qd3 (27. Rd1 $14) 27... Kf8 $11 28. Qh7 Nd2 29. Qh8+ $1 Qg8 30. Qxg8+ Kxg8 31. Rd1 Nxb1 32. Rxb1 {[%emt 0:00:04][%mdl 4096] Endgame. KRR-KRR} Rc6 33. Rh3 Ra8 34. Rd3 Rxa2 35. h4 b6 36. Rxd5 Rxc3 37. Rf5 Rc4 38. Rfb5 Rcc2 39. Rf1 {[%emt 0:00:18] The position is equal.} Rab2 40. Rf5 Rb4 41. Rd1 Rc5 42. Rd8+ Kh7 43. Rxc5 bxc5 44. Rc8 Rc4 45. h5 Rc2 46. Rf8 Rc4 47. Rc8 Rc2 48. Rf8 {[%emt 0:00:00] Weighted Error Value: White=0.03 (flawless) /Black=0.05 (flawless) .  Mistake:       	White=1     	Black=1      OK:         	White=21    	Black=12     Best:        	White=3     	Black=2      Strong:       	White=1     	Black=1} 1/2-1/2

[Event "Reykjavik Open 2024"]
[Site "Reykjavik"]
[Date "2024.03.19"]
[Round "7.2"]
[White "Moussard, Jules"]
[Black "Adhiban, B.."]
[Result "1/2-1/2"]
[ECO "A13"]
[WhiteElo "2621"]
[BlackElo "2541"]
[Annotator "TA"]
[PlyCount "57"]
[EventDate "2024.03.12"]
[EventCountry "ISL"]
[SourceTitle "playchess.com"]
[Source "ChessBase"]
[SourceQuality "1"]
[TimeControl "40/5400+30:1800+30"]

1. c4 e6 2. Nc3 Bb4 3. Qc2 b6 4. a3 Bxc3 5. Qxc3 Qf6 6. d4 Bb7 {[%emt 0:01:20] Wards off e4} 7. e3 c5 8. Ne2 {[%emt 0:01:03] White is slightly better.} cxd4 9. exd4 Nc6 10. h4 Nge7 11. Bg5 (11. b4 $5) 11... Qg6 12. Ng3 h6 13. Be3 d5 14. Bd3 f5 15. c5 O-O 16. Ne2 bxc5 17. Qxc5 e5 18. O-O {[%emt 0:10:25] aiming for dxe5.} Qf7 {[%emt 0:05:13] [#] Strongly threatening ...f4.} 19. dxe5 Nxe5 20. Qc7 {[%emt 0:04:03] Black is weak on the dark squares} N7g6 21. Qxf7+ Rxf7 22. Bc2 Nxh4 {[%emt 0:00:18] Excellent horsemanship.} 23. Nd4 f4 24. Bd2 Nc6 25. Nxc6 Bxc6 26. Rfe1 {[%emt 0:02:14] The position is equal.} f3 27. g3 Nf5 28. Bxf5 Rxf5 29. Rac1 {[%emt 0:00:14] Weighted Error Value: White=0.03 (flawless) /Black=0.02 (flawless) .  Inaccurate:     	White=1     	---        OK:         	White=13    	Black=12} 1/2-1/2

[Event "Reykjavik Open 2024"]
[Site "Reykjavik"]
[Date "2024.03.19"]
[Round "7.3"]
[White "Pultinevicius, Paulius"]
[Black "Seemann, Jakub"]
[Result "1/2-1/2"]
[ECO "A46"]
[WhiteElo "2575"]
[BlackElo "2451"]
[Annotator "TA"]
[PlyCount "91"]
[EventDate "2024.03.12"]
[EventCountry "ISL"]
[SourceTitle "playchess.com"]
[Source "ChessBase"]
[SourceQuality "1"]
[TimeControl "40/5400+30:1800+30"]

1. d4 Nf6 2. Nf3 d5 3. g3 e6 4. Bg2 b5 5. O-O Be7 6. Ne5 Bb7 7. Nd2 Nbd7 8. Nxd7 {[%emt 0:00:55] Weiß hat minimalen Vorteil.} Nxd7 9. e4 dxe4 10. Nxe4 Bd5 11. Qg4 g6 {[%emt 0:08:29] [#] Zielt auf ...f5 ab.} 12. Qh3 Nf6 13. Nc3 Bxg2 14. Qxg2 Rb8 15. Bh6 b4 16. Bg7 bxc3 17. Bxh8 cxb2 18. Rab1 Qd5 19. Bxf6 $1 {[%emt 0:00:45] Qxd5 ist eine echte Drohung.} Qxg2+ 20. Kxg2 Bxf6 $11 {[%emt 0:00:06][%mdl 4096] Endspiel. KRR-KRB} 21. Rfd1 {[%emt 0:12:41] [#]} c5 $1 22. dxc5 {[%emt 0:00:05] Schwarz muss nun Rd3 beachten.} (22. Rd3 Bxd4) 22... Rc8 23. Rd2 Bc3 $1 (23... Rxc5 $2 {geht unter.} 24. c3 $18) 24. Rd3 Rxc5 25. Rxc3 Rxc3 26. Rxb2 $15 {[%emt 0:00:04] KR-KR} a5 27. Kf1 Ke7 28. Ke2 Kd6 29. f4 h5 30. Kd2 $1 Rf3 31. Ke2 {[%emt 0:00:05] Verhindert Rf2+.} Rc3 32. Kd2 Rf3 33. Ke2 {[%emt 0:00:05] Pariert Rf2+.} Ra3 34. Kd2 Kd5 {[%emt 0:01:03][%cal Oh5h4] Die Stellung ist ausgeglichen.} 35. Rb7 h4 36. Rxf7 hxg3 37. hxg3 Rxg3 38. Ra7 Ra3 39. Rg7 Rg3 40. Ra7 Ke4 41. Rxa5 Kxf4 42. Ra4+ Ke5 43. Ra8 g5 44. a4 g4 45. a5 Ra3 46. a6 {[%emt 0:00:00] Gewichteter Fehlerwert: Weiß=0.06 (makellos) /Schwarz=0.06 (makellos) .  Ungenau:       	Weiß=3     	Schwarz=1     OK:         	Weiß=21    	Schwarz=17    Bester:       	Weiß=1     	---        Stark:        	Weiß=2     	Schwarz=1     Brilliant:      	---       	Schwarz=1} 1/2-1/2

[Event "Reykjavik Open 2024"]
[Site "Reykjavik"]
[Date "2024.03.19"]
[Round "7.4"]
[White "Suleymenov, Alisher"]
[Black "Sanal, Vahap"]
[Result "1-0"]
[ECO "E21"]
[WhiteElo "2506"]
[BlackElo "2558"]
[Annotator "TA"]
[PlyCount "135"]
[EventDate "2024.03.12"]
[EventCountry "ISL"]
[SourceTitle "playchess.com"]
[Source "ChessBase"]
[SourceQuality "1"]
[TimeControl "40/5400+30:1800+30"]

1. d4 Nf6 2. c4 e6 3. Nc3 Bb4 4. e3 b6 5. Bd2 Bb7 6. Nf3 Bxc3 7. Bxc3 Ne4 8. Bb4 a5 9. Ba3 d6 10. Bd3 Nd7 11. O-O f5 12. d5 exd5 13. Nd4 Ne5 14. Ne6 Qd7 15. cxd5 Nxd3 16. Qxd3 Nf6 17. Rfc1 Nxd5 18. Qxf5 Ke7 19. Nxg7 Rag8 20. Qg5+ Nf6 21. Rc4 h6 22. Qg6 Ne8 23. Re4+ Bxe4 24. Qxe4+ Kf7 25. Nf5 Rg5 26. Qd5+ Kf8 27. e4 Rhg8 28. g3 Nf6 29. Qd4 Nxe4 30. Nxh6 Qg7 31. Qxe4 Qxh6 32. Re1 Qf6 33. Qe8+ Kg7 34. Qd7+ Kh8 35. Qh3+ Kg7 36. Qd7+ Kh8 37. Qxc7 Rf8 38. Qxb6 (38. Qxd6 $2 Qxf2+ 39. Kh1 Qxe1+ 40. Kg2 Qf1#) 38... Rb5 39. Qa7 (39. Qxb5 $2 Qxf2+ 40. Kh1 Qxe1+ 41. Kg2 Rf2+ 42. Kh3 Qe6+ 43. Kh4 Rxh2+ (43... Qxa2 44. Qh5+ Kg7 45. Qg4+ Kf7 46. Qd7+ Kg6 47. Qg4+ Kf7 48. Qd7+ Kg8 49. Qg4+ Kf7 $11) 44. Kg5 Qg8+ (44... Qxa2 $2 45. Qd3 $19) 45. Kf4 Rf2+ (45... Qxa2 $2 46. Qb8+ Kg7 47. Qxd6 $19) 46. Ke4 Qe6+ (46... Qxg3 $2 47. Qb8+ Kg7 48. Qc7+ Kg6 49. Qxd6+ Qxd6 50. Bxd6 $19) 47. Kd4 Rd2+ $19 (47... Qxa2 48. Qxa5 Qe6 49. Qg5 $17) (47... Qxa2 48. Qh5+ Kg7 49. Qg5+ Kf7 50. Qh5+ Ke7 51. Qg5+ Rf6 52. Qe5+ Kf7 53. Qxa5 $17)) 39... Rb7 (39... Rd5 $16) 40. Qe3 $18 (40. Qxb7 $2 Qxf2+ 41. Kh1 Qxe1+ 42. Kg2 Qf1#) 40... Re7 {[%emt 0:00:06] [#]} 41. Qd2 $1 ({Inferior is} 41. Qxe7 Qxf2+ 42. Kh1 Qf3+ 43. Kg1 Qf2+ 44. Kh1 Qf3+ 45. Kg1 Qf2+ $11) 41... Rxe1+ 42. Qxe1 Rc8 (42... Kg8 $142 43. b3 (43. Qxa5 $2 {leads to mate.} Qxf2+ 44. Kh1 Qf1#) 43... Qg6) 43. Qd2 $18 Qf5 {[%emt 0:03:44] [#]} 44. Qd4+ $1 (44. Bxd6 Qb1+ 45. Kg2 Qe4+ 46. Kg1 Qb1+ 47. Kg2 Qe4+ 48. f3 Rc2 $15) 44... Kg8 45. Bxd6 Qf3 46. Bf4 Rc2 (46... Re8 {is a better defense.} 47. Qc4+ Kh8) 47. Bh6 Qf7 48. Be3 Qe6 49. h4 Re2 50. Bd2 Re4 51. Qd8+ Kf7 52. Qxa5 Rd4 53. Qh5+ Kg8 54. Bc3 Rd5 55. Qf3 Rf5 56. Qg4+ Kf7 57. a4 Qd5 58. a5 Qc5 59. Qe2 Qc6 60. a6 Qa4 61. Qd3 Ke6 62. Qe3+ Kf7 63. Qd4 Qxa6 64. Qd7+ Kg6 65. Qg7+ Kh5 66. g4+ Kxh4 67. gxf5 Qa1+ 68. Kh2 1-0

[Event "Reykjavik Open 2024"]
[Site "Reykjavik"]
[Date "2024.03.19"]
[Round "7.5"]
[White "Cooper, Malcolm H"]
[Black "Cramling Bellon, Anna"]
[Result "0-1"]
[ECO "B45"]
[WhiteElo "1804"]
[BlackElo "2115"]
[Annotator "RC"]
[PlyCount "60"]
[EventDate "2024.03.12"]
[EventCountry "ISL"]
[SourceTitle "playchess.com"]
[Source "ChessBase"]
[SourceQuality "1"]
[TimeControl "40/5400+30:1800+30"]

1. e4 c5 2. Nf3 e6 3. d4 cxd4 4. Nxd4 Nf6 5. Nc3 Nc6 6. Be2 Bb4 7. Nxc6 bxc6 8. Qd4 c5 9. Qe3 O-O 10. O-O d5 11. e5 Nd7 12. Qg3 Qc7 13. Bf4 Bxc3 14. Qxc3 f6 15. Bb5 Nxe5 16. Rfe1 Qb6 17. a4 Ng6 18. Bg3 c4 19. Qe3 e5 20. Qxb6 axb6 21. Bc6 Ra5 22. b4 cxb3 23. cxb3 Be6 24. b4 Ra7 25. f4 Rc7 26. Bb5 Rc2 27. fxe5 fxe5 28. Bxe5 Rff2 29. Bg3 Rxg2+ 30. Kf1 Bh3 0-1

[Event "Reykjavik Open 2024"]
[Site "Reykjavik"]
[Date "2024.03.19"]
[Round "7.6"]
[White "Salimova, Nurgyul"]
[Black "Belenkaya, Dina"]
[Result "1-0"]
[ECO "E06"]
[WhiteElo "2426"]
[BlackElo "2164"]
[Annotator "TA"]
[PlyCount "127"]
[EventDate "2024.03.12"]
[EventCountry "ISL"]
[SourceTitle "playchess.com"]
[Source "ChessBase"]
[SourceQuality "1"]
[TimeControl "40/5400+30:1800+30"]

1. d4 Nf6 2. c4 e6 3. Nf3 d5 4. g3 Be7 5. Bg2 O-O 6. O-O c6 7. Qc2 h6 8. Nbd2 b6 9. e4 Bb7 {[%emt 0:04:02] Weiß hat minimalen Vorteil.} 10. e5 Nfd7 11. cxd5 cxd5 12. Nb1 Nc6 13. Nc3 Ba6 14. Rd1 Rc8 15. Bf4 Na5 16. Rac1 Re8 17. h4 Nf8 18. h5 Nh7 19. Qb1 Nc4 20. Bf1 Ng5 21. Nh2 Bb4 22. Ng4 Rc7 23. Kg2 Qe7 24. Bd3 Rec8 25. Ne2 Qd8 26. a3 Bf8 27. Qa2 Bb5 28. f3 Be8 29. Bb1 (29. a4 $11) 29... Rc6 (29... a5 $15) 30. Qb3 $11 f5 $1 31. exf6 gxf6 32. Rh1 Qe7 33. Rce1 Qg7 {[%emt 0:00:44] Es drohte Bg6} 34. Bc1 e5 (34... b5 $11) 35. Rh4 (35. Bf5 $16) 35... Bd7 36. Nf2 (36. dxe5 $1 $11 {ist eher angebracht.} Nxe5 (36... fxe5 37. f4 $14) 37. Nxe5 (37. Qxd5+ $2 Be6 $19) 37... fxe5 38. Bxg5 (38. Qxd5+ Be6 $14) 38... hxg5 39. Rhh1 (39. Qxd5+ $2 Be6 $19)) 36... Kh8 37. Bg6 Be6 ({Günstiger ist} 37... f5 $15 38. dxe5 Nxe5 39. Bxg5 hxg5) 38. Qd1 Nd6 39. dxe5 (39. Nc3 $142) 39... fxe5 40. f4 Nge4 41. Nxe4 Nxe4 42. Nc3 Be7 (42... Nxc3 {vereinfacht} 43. bxc3 Be7 44. Rhh1 e4) 43. Rhh1 Nxc3 44. bxc3 e4 (44... Rxc3 45. Rxe5 Rxc1 46. Qe2 Rxh1 47. Kxh1 $14) 45. f5 Bg8 46. Bd2 (46. Qd2 $17 {ist wohl besser.}) 46... Bxa3 $2 ({Vorzuziehen ist} 46... Rxc3 $1 $19 {[%cal Oe7d6] Droht ...Bd6! und aus.} 47. Bxc3 Rxc3) 47. Rhf1 {[%emt 0:02:18] [#]} (47. Be3 $1 $11 {hält das Gleichgewicht.} Be7 (47... Rxc3 $2 48. Bd4 $18) 48. Bd4) 47... Rf6 (47... Be7 $1 $17 {Weiss muss nun ...Rxc3 beachten.} 48. Rf4 Bf6) 48. Qa1 $36 {[%emt 0:00:39][%mdl 2048] Schwarz steht unter Druck.} Qf8 {[%emt 0:00:52] [#] Weiß verwandelt nun seinen Vorteil.} (48... Bf8 $11 {und Schwarz ist OK.}) 49. c4 $1 $18 {[%emt 0:01:08][%cal Od2h6][%mdl 512] Und jetzt Bxh6! wäre schön.} Be7 50. cxd5 (50. Qxa7 Ra8 51. Qd7 Ra2 $11) 50... Rc2 51. Qd1 Qc8 (51... Rc5 {ist eine bessere Verteidigung.} 52. Be3 (52. Rxe4 Bxd5 53. Rfe1 Rc4 $15) 52... Rc3) 52. Kh3 (52. Rxe4 $2 Bxd5 53. Rff4 Qc3 $19 (53... Bxe4+ $2 54. Rxe4 Qc6 55. Qf3 $19)) 52... Bxd5 53. Bxh6 Qc4 54. Bg5 {[%emt 0:02:39][%cal Od1a1] Qa1! wäre nun fies.} Rxg6 (54... a5 $142 55. Qa1 (55. Bxf6+ Bxf6 56. Qb1 e3 $16) 55... Qc3 56. Qxc3 (56. Bxf6+ Bxf6 57. Qxc3 Rxc3 $16) 56... Rxc3) 55. hxg6 {[%emt 0:00:17] Weiss will mit Qh5+ Matt setzen.} (55. Bxe7 Rxg3+ 56. Kxg3 Qc7+ 57. Rf4 Qc3+ $11) 55... Bxg5 56. Qh5+ Kg8 57. Qxg5 {[%emt 0:02:21] Weiss droht Qd8+ und Matt.} e3 58. Qd8+ (58. Qxe3 $2 Bg2+ 59. Kh2 Bxf1+ $19) 58... Kg7 59. Qe7+ Kg8 60. Qh7+ (60. Qxe3 Bg2+ 61. Kh2 Bxf1+ $19) 60... Kf8 61. g7+ (61. Qxa7 {ist ein Selbstmatt.} Bg2+ 62. Kh2 Bf3+ (62... Bxf1+ 63. Kg1 Rg2+ 64. Kh1) (62... Bxf1+ 63. Kg1 Rg2+ 64. Kh1)) 61... Ke8 62. Rxe3+ Kd8 63. Qh4+ (63. Rd1 $142 Qf1+ 64. Rxf1 Bg2+ 65. Kg4 Rc4+ 66. Kg5 Bd5 67. g8=Q+ (67. g8=B Rd4 68. Bxd5 Rxd5 69. Rc1 Rc5 70. Rd1+ Rd5 71. Rxd5+ Kc8 72. Re8#) 67... Bxg8 68. Rd1+ (68. Qxg8+ Kc7 69. Qxc4+ Kb8 70. Re8+ Kb7 71. Qc8#) 68... Rd4 69. Rxd4+ Bd5 70. Rxd5+ Kc8 71. Re8#) 63... Kd7 64. Qxc4 {[%emt 0:00:26] Gewichteter Fehlerwert: Weiß=0.18 (sehr präzise) /Schwarz=0.53.  Verlustzug:     	---       	Schwarz=1     Gewinn verpasst:   	---       	Schwarz=1     Fehler:       	Weiß=7     	Schwarz=6     Ungenau:       	Weiß=6     	Schwarz=6     OK:         	Weiß=16    	Schwarz=13    Bester:       	Weiß=4     	Schwarz=3     Stark:        	---       	Schwarz=1     Brilliant:      	Weiß=1     	---} 1-0

[Event "Reykjavik Open 2024"]
[Site "Reykjavik"]
[Date "2024.03.19"]
[Round "7.7"]
[White "Balakrishnan, Praveen"]
[Black "Can, Emre"]
[Result "1/2-1/2"]
[ECO "D02"]
[WhiteElo "2490"]
[BlackElo "2551"]
[Annotator "TA"]
[PlyCount "23"]
[EventDate "2024.03.12"]
[EventCountry "ISL"]
[SourceTitle "playchess.com"]
[Source "ChessBase"]
[SourceQuality "1"]
[TimeControl "40/5400+30:1800+30"]

1. d4 d5 2. Nf3 Nf6 3. Bf4 c5 4. e3 Nc6 5. Nbd2 Nh5 {[%emt 0:01:11] The position is equal.} 6. Be5 e6 7. dxc5 Bxc5 8. c4 Nxe5 9. Nxe5 Nf6 10. Qa4+ Bd7 11. Nxd7 Qxd7 12. Qxd7+ {[%emt 0:01:45] Not much happened in this game.   Weighted Error Value: White=0.03 (flawless) /Black=0.03 (flawless) .  OK:         	White=2     	Black=4} 1/2-1/2

[Event "Reykjavik Open 2024"]
[Site "Reykjavik"]
[Date "2024.03.19"]
[Round "7.8"]
[White "Kjartansson, Gudmundur"]
[Black "Ivanchuk, Vasyl"]
[Result "1/2-1/2"]
[ECO "A22"]
[WhiteElo "2465"]
[BlackElo "2625"]
[Annotator "TA"]
[PlyCount "65"]
[EventDate "2024.03.12"]
[EventCountry "ISL"]
[SourceTitle "playchess.com"]
[Source "ChessBase"]
[SourceQuality "1"]
[TimeControl "40/5400+30:1800+30"]

1. c4 Nf6 2. Nc3 e5 3. g3 Bb4 4. Bg2 O-O 5. e4 Bxc3 6. bxc3 Re8 7. Ne2 c6 8. d3 (8. O-O $11 {scheint genauer.}) 8... d5 $15 {[%emt 0:00:42] Schwarz steht etwas besser.} 9. cxd5 cxd5 10. exd5 Nxd5 11. O-O Nc6 12. Bb2 Bg4 13. h3 {[%emt 0:04:27] Die Stellung ist ausgeglichen.} Bh5 14. Re1 Qd7 15. Qb3 Rad8 16. Qxd5 Qxd5 17. Bxd5 Rxd5 18. Nf4 Rb5 ({Schlechter ist} 18... exf4 19. Rxe8#) 19. Rab1 Bf3 20. c4 {[%emt 0:00:55] Weiss ist schwach auf den weissen Feldern} Ra5 21. Re3 Rxa2 22. Rxf3 exf4 23. Rxf4 f6 24. d4 b6 25. d5 Ne5 26. Bxe5 Rxe5 $11 {[%emt 0:00:29][%mdl 4096] Endspiel. KRR-KRR} 27. Rd4 Kf7 28. d6 {[%emt 0:00:39] [#] Droht stark d7.} Ke8 29. c5 Rxc5 30. d7+ Kd8 {[%emt 0:00:10] Und ...Rcc2 würde nun gewinnen.} 31. Re1 Re5 32. Rc1 Rc5 33. Re1 {[%emt 0:00:02] Gewichteter Fehlerwert: Weiß=0.03 (makellos) /Schwarz=0.05 (makellos) .  Fehler:       	Weiß=1     	---        OK:         	Weiß=15    	Schwarz=12    Bester:       	Weiß=2     	Schwarz=3} 1/2-1/2

[Event "Reykjavik Open 2024"]
[Site "Reykjavik"]
[Date "2024.03.19"]
[Round "7.9"]
[White "Sidhant, Mohapatra"]
[Black "Xu, Xiangyu"]
[Result "0-1"]
[ECO "B76"]
[WhiteElo "2379"]
[BlackElo "2623"]
[Annotator "TA"]
[PlyCount "82"]
[EventDate "2024.03.12"]
[EventCountry "ISL"]
[SourceTitle "playchess.com"]
[Source "ChessBase"]
[SourceQuality "1"]
[TimeControl "40/5400+30:1800+30"]

1. e4 c5 2. Nf3 d6 3. d4 cxd4 4. Nxd4 Nf6 5. Nc3 g6 6. Be3 Bg7 7. f3 Nc6 8. Qd2 O-O 9. O-O-O d5 10. exd5 Nxd5 11. Nxc6 bxc6 12. Bd4 e5 13. Bc5 Be6 14. Ne4 Re8 15. Bc4 Qc7 16. Bd6 Qd7 17. Ba3 Red8 {[%emt 0:09:04] Weiß steht etwas besser.} 18. Nc5 Qe8 {[%emt 0:00:18] Und ...Nb6 würde nun gewinnen.} 19. Nxe6 ({Vorzuziehen ist} 19. Qa5 $14) 19... Qxe6 $11 20. Rhe1 Qf6 21. Kb1 Qh4 22. Bb3 a5 23. g3 {[%emt 0:08:27] Es drohte Nf4} Qf6 24. Qe2 a4 25. Bxd5 cxd5 26. c3 Rab8 27. Rd3 h5 28. Red1 Qc6 29. Qd2 (29. Bb4 $142) 29... d4 $17 30. Qe2 (30. Qc1 $17) 30... Rdc8 31. cxd4 exd4 32. Qd2 {[%emt 0:00:10] [#]} Qb5 $1 33. f4 (33. h4 $142) 33... Rc6 34. Rc1 $2 (34. h3) 34... Rxc1+ $19 {[%emt 0:02:50] Schwarz steht klar auf Gewinn.} 35. Kxc1 Re8 36. b3 Qc6+ 37. Kb1 Qh1+ 38. Bc1 Qf1 39. Qc2 Re1 {[%emt 0:00:42][%cal Oe1c1] ( -> ...Rxc1+!)} 40. Rd2 a3 41. Qc4 {[%emt 0:31:41] [#]} d3 $1 {[%emt 0:30:19][%mdl 512] Gewichteter Fehlerwert: Weiß=0.69/Schwarz=0.18 (sehr präzise) .  Fehler:       	Weiß=5     	---        Ungenau:       	Weiß=3     	---        OK:         	Weiß=3     	Schwarz=6     Bester:       	---       	Schwarz=2} 0-1

[Event "Reykjavik Open 2024"]
[Site "Reykjavik"]
[Date "2024.03.19"]
[Round "7.10"]
[White "Nevednichy, Vladislav"]
[Black "Galperin, Platon"]
[Result "1/2-1/2"]
[ECO "C55"]
[WhiteElo "2445"]
[BlackElo "2555"]
[Annotator "TA"]
[PlyCount "64"]
[EventDate "2024.03.12"]
[EventCountry "ISL"]
[SourceTitle "playchess.com"]
[Source "ChessBase"]
[SourceQuality "1"]
[TimeControl "40/5400+30:1800+30"]

1. e4 e5 2. Nf3 Nc6 3. Bc4 Nf6 4. d3 h6 5. O-O d6 6. c3 g5 7. a4 Bg7 8. Nbd2 a5 9. Bb3 Qe7 10. Nc4 Be6 11. Ne3 Qd7 12. Bxe6 fxe6 13. Qb3 d5 14. exd5 (14. Qxb7 Rb8 15. Nxe5 (15. Qa6 $2 Rb6 $19) 15... Rxb7 $19) 14... exd5 15. d4 exd4 16. Nxd4 Nxd4 17. cxd4 c6 18. Qd3 O-O 19. Nf5 Ne4 20. Nxg7 Kxg7 21. f3 Nd6 22. Bd2 Nc4 23. b3 Nxd2 24. Qxd2 Qd6 25. Rae1 Rf4 26. g3 Rf6 {[%emt 0:00:23] The position is equal.} 27. Kg2 b6 28. Re3 Raf8 29. Rfe1 R8f7 30. R1e2 Qa3 31. Qc3 Qd6 32. Qd2 Qa3 {[%emt 0:00:06] Weighted Error Value: White=0.08 (flawless) /Black=0.06 (flawless) .  Inaccurate:     	White=1     	Black=2      OK:         	White=9     	Black=13} 1/2-1/2